Cogmind - Beta 12 X4 @@@ ROGUE MODE // 2022.12.08 @ 18:43:37 Player: youngster Result: Destroyed by 8R-AWN with 8R-AWN's Boregun Performance ------------- Evolutions (1) 500 Regions Visited (5) 1000 Robots Destroyed (67) 335 Value Destroyed (1337) 1337 Prototype IDs (9) 180 Alien Tech Used (0) 0 Bonus (-204) -204 TOTAL SCORE: 3148 Bonus ------- Friendly Fire -204 Cogmind --------- Core Integrity 0/400 Matter 106/300 Energy 100/100 System Corruption 0% Temperature Cool (0) Movement Core (800) Ox15 Location -9/Exiles Parts ------- > --- POWER (1) -------- (None) > --- PROPULSION (3) --- (None) > --- UTILITY (3) ------ High-capacity Storage Unit Salvage Targeting Computer > --- WEAPON (2) ------- Heavy Assault Rifle Improved Assault Rifle > --- INVENTORY (20) --- Compact Wheel Experimental Sensor Array Beamcaster Heavy Assault Rifle Improved Assault Rifle Rocket Launcher Rocket Launcher Datajack Peak State ------------ > --- POWER ------------ Cooled Ion Engine > --- PROPULSION ------- Light Treads Improved Treads Improved Treads > --- UTILITY ---------- High-capacity Storage Unit Salvage Targeting Computer Hardened Light Armor Plating > --- WEAPON ----------- Heavy Assault Rifle Improved Assault Rifle > --- INVENTORY -------- Fission Core Light Fission Core Compact Wheel High-capacity Matter Pod Experimental Sensor Array Light Armor Plating Light Armor Plating Long-range Tractor Beam Beamcaster Heavy Assault Rifle Heavy Assault Rifle Heavy Assault Rifle Heavy Assault Rifle Improved Assault Rifle Improved Assault Rifle Rocket Launcher Rocket Launcher Datajack [Rating: 23] Favorites ----------- Power Cooled Ion Engine Engine Cooled Ion Engine Propulsion Light Treads Treads Light Treads Utility High-capacity Storage Unit Device Structural Scanner Storage High-capacity Storage Unit Processor Salvage Targeting Computer Protection Hardened Light Armor Plating Weapon Heavy Battle Rifle Energy Gun Beamcaster Ballistic Gun Heavy Battle Rifle Launcher Grenade Launcher Special Melee Weapon Datajack Build | -11 -10 -10 -9 -9 -9 ------- Run | Scr Mat Min Mat Min Exi Slots Evolved 2 | . . . 2 . . Power . | . . . . . . Propulsion 1 | . . . 1 . . Utility 1 | . . . 1 . . Weapon . | . . . . . . Parts Attached 69 | 7 13 4 27 3 15 Power 6 | 1 2 . 2 . 1 Engine 6 | 1 2 . 2 . 1 Core . | . . . . . . Reactor . | . . . . . . Propulsion 18 | 2 4 . 8 1 3 Treads 18 | 2 4 . 8 1 3 Leg . | . . . . . . Wheel . | . . . . . . Hover . | . . . . . . Flight . | . . . . . . Utility 17 | 2 3 1 7 1 3 Device 6 | 1 2 . 2 . 1 Storage 4 | 1 1 1 1 . . Processor 1 | . . . . 1 . Hackware . | . . . . . . Protection 6 | . . . 4 . 2 Artifact . | . . . . . . Weapon 28 | 2 4 3 10 1 8 Energy Gun 4 | 1 . 2 1 . . Energy Cannon . | . . . . . . Ballistic Gun 17 | 1 3 1 5 1 6 Ballistic Cannon . | . . . . . . Launcher 6 | . 1 . 4 . 1 Special Weapon . | . . . . . . Impact Weapon . | . . . . . . Slashing Weapon . | . . . . . . Piercing Weapon . | . . . . . . Special Melee Weapon 1 | . . . . . 1 Unidentified Prototypes 1 | . . . 1 . . Parts Lost 22 | . 2 . 4 . 16 Power 4 | . . . 2 . 2 Propulsion 7 | . . . 1 . 6 Utility 7 | . 2 . 1 . 4 Weapon 4 | . . . . . 4 Highest Loss Streak 16 | . 2 . 2 . 16 To Critical Strikes 9 | . . . . . 9 Average Slot Usage (%) 98 | . 97 100 98 100 85 Engine 12 | . 14 14 10 11 8 Treads 30 | . 27 28 32 33 24 Device 8 | . 12 14 8 . 1 Storage 12 | . 14 14 11 11 11 Processor 2 | . . . . 10 11 Protection 6 | . . . 12 11 7 Energy Gun 7 | . 14 9 7 . . Ballistic Gun 16 | . 14 17 14 22 19 Naked Turns . | . . . . . . Heaviest Build 64 | 15 30 53 64 62 59 Greatest Support 66 | 40 40 40 63 66 66 Greatest Overweight (x) 1 | . . 1 1 . 1 Average Overweight (x) . | . . . . . . Largest Inventory Capacity 20 | 8 15 20 20 20 20 Average Capacity 17 | 7 14 15 20 20 20 Most Carried 20 | 4 15 16 20 20 20 Average Carried 16 | 2 12 15 19 19 15 Final Capacity 20 | 8 15 20 20 20 20 Final Carried 20 | 4 15 16 20 20 8 Class Distribution -------------------- 78% | Mutant 21% | Scavenger-Mutant Dominant Class ---------------- Mutant | -10/Materials Mutant | -10/Mines Scavenger-Mutant | -9/Materials Mutant | -9/Mines Mutant | -9/Exiles Resources | -11 -10 -10 -9 -9 -9 ----------- Run | Scr Mat Min Mat Min Exi Matter Collected 1785 | 159 556 136 580 154 200 Remotely . | . . . . . . Salvage Created 2541 | 39 597 158 1215 514 18 Parts 142 | 9 30 10 75 18 . Haulers Intercepted 7 | . 2 . 5 . . Recyclers Shooed 3 | . 1 . 2 . . Parts Field Recycled . | . . . . . . Retrieved Matter . | . . . . . . Parts Self-Destructed . | . . . . . . Prevented . | . . . . . . Kills | -11 -10 -10 -9 -9 -9 ------- Run | Scr Mat Min Mat Min Exi Combat Hostiles Destroyed 43 | . 8 . 24 4 7 Guns 31 | . 7 . 19 4 1 AOE 11 | . . . 5 . 6 Classes Destroyed 11 | 1 6 1 2 . 1 Worker 3 | . 1 . 1 1 . Builder 2 | . 1 . 1 . . Tunneler 7 | 3 1 3 . . . Hauler 7 | . 2 . 5 . . Recycler 7 | . 1 . 2 4 . Watcher 3 | . 1 . 2 . . Swarmer 9 | . . . 9 . . Grunt 19 | . 8 . 7 4 . Sentry 8 | . . . 8 . . Zionite 1 | . . 1 . . . Assembled 7 | . . . . . 7 Thug 1 | . . 1 . . . Best Kill Streak 7 | 2 3 1 7 3 6 Combat Bots Only 6 | . 2 . 5 1 6 Max Kills in Single Turn 4 | 1 1 1 4 1 2 Gunslinging . | . . . . . . Exploded 4 | . . . 4 . 2 Melee . | . . . . . . Uniques/NPCs Destroyed . | . . . . . . Combat | -11 -10 -10 -9 -9 -9 -------- Run | Scr Mat Min Mat Min Exi Damage Taken 4200 | . 675 37 1213 187 2088 Core 526 | . 123 . 115 13 275 Absorbed by Shields . | . . . . . . Regen/Repaired (Parts) 382 | . 304 . 78 . . Core Remaining (%) 75 | 100 . 50 . . . Volleys Fired 235 | 5 68 12 81 19 50 Largest 2 | 2 2 2 2 2 2 Hottest 108 | 70 70 108 108 46 46 Shots Fired 458 | 10 136 23 159 38 92 Gun 448 | 10 136 22 156 38 86 Cannon . | . . . . . . Launcher 10 | . . 1 3 . 6 Special . | . . . . . . Kinetic 310 | 5 68 12 101 38 86 Thermal 138 | 5 68 10 55 . . Explosive 10 | . . 1 3 . 6 Electromagnetic . | . . . . . . Robot Hit Streak 27 | 4 13 7 23 27 16 Robot Miss Streak 6 | 1 6 3 4 1 3 Penetration Max . | . . . . . . Secondary Targets 4 | . 2 . 1 . 1 Max Gunslinging Chain 1 | . 1 . 1 . 1 Shots Hit Robots 305 | 6 91 12 100 28 68 Core Hits 120 | 3 27 8 41 13 28 Critical Kills 1 | . 1 . . . . Critical Parts Destroyed . | . . . . . . Critical Strikes 15 | . 12 . 2 . 1 Burn 13 | . 11 . 2 . . Destroy 2 | . 1 . . . 1 Melee Attacks . | . . . . . . Impact . | . . . . . . Slashing . | . . . . . . Piercing . | . . . . . . Sneak Attacks . | . . . . . . Combat Hostiles . | . . . . . . Follow-up Attacks . | . . . . . . Damage Inflicted 5871 | 77 1194 327 2456 470 1347 Guns 5065 | 77 1173 279 2089 421 1026 Cannons . | . . . . . . Explosions 693 | . . 14 358 . 321 Melee . | . . . . . . Ramming 113 | . 21 34 9 49 . Kinetic 3578 | 39 612 175 1305 421 1026 Thermal 1487 | 38 561 104 784 . . Explosive 693 | . . 14 358 . 321 Electromagnetic . | . . . . . . Impact . | . . . . . . Slashing . | . . . . . . Piercing . | . . . . . . Highest Corruption . | . . . . . . Average Corruption . | . . . . . . Corruption Purged . | . . . . . . Corruption Blocked . | . . . . . . Overload Shots . | . . . . . . Overflow Damage 13 | . . . 8 . 5 Projectiles . | . . . . . . Explosions 13 | . . . 8 . 5 Melee . | . . . . . . Knockbacks 1 | . . . . 1 . Impact 1 | . . . . 1 . Kinetic . | . . . . . . Secondary . | . . . . . . Self-Inflicted Damage 68 | . . 37 31 . . Shots 2 | . . 1 1 . . Rammed 17 | . 4 9 1 3 . Targets Rammed 22 | . 4 10 3 5 . Kicked . | . . . . . . Crushed 5 | . . 1 2 2 . Highest Temperature 517 | 18 232 240 517 12 40 Average Temperature 83 | 9 53 84 115 3 22 Received Heat Transfer 944 | . 366 . 393 105 80 Effects 6 | . . . 6 . . Energy Bleed 2 | . . . 2 . . Interference 2 | . . . 2 . . Short Circuit 2 | . . . 2 . . Siege Activations . | . . . . . . Robots Corrupted . | . . . . . . Combat Hostiles . | . . . . . . Parts Fried . | . . . . . . Impact Corruptions . | . . . . . . Robots Melted 1 | . 1 . . . . Combat Hostiles 1 | . 1 . . . . Parts Melted 7 | . 5 . 2 . . Heat Transferred 4292 | 111 2479 185 1517 . . Parts Sabotaged . | . . . . . . Parts Stolen . | . . . . . . Parts Stripped . | . . . . . . Power Chain Reactions . | . . . . . . Missiles Intercepted . | . . . . . . Alert | -11 -10 -10 -9 -9 -9 ------- Run | Scr Mat Min Mat Min Exi Peak Influence 327 | 15 144 36 327 170 . Initial 115 | . 9 1 . 115 . Average 85 | 5 53 14 152 82 . Maximum Alert Level 1 | . . . 1 . . Low Security (%) 90 | 100 100 100 72 100 . Level 1 9 | . . . 27 . . Level 2 . | . . . . . . Level 3 . | . . . . . . Level 4 . | . . . . . . Level 5 . | . . . . . . High Security . | . . . . . . Max Security . | . . . . . . Squads Dispatched 5 | . 2 . 3 . . Investigation 2 | . 1 . 1 . . Extermination . | . . . . . . Reinforcement 3 | . 1 . 2 . . Assault . | . . . . . . Garrison . | . . . . . . Intercept . | . . . . . . Searches Triggered . | . . . . . . Construction Impeded . | . . . . . . Haulers Reinforced . | . . . . . . Active Scanning Responses . | . . . . . . Cargo Convoy Interrupts . | . . . . . . Stealth | -11 -10 -10 -9 -9 -9 --------- Run | Scr Mat Min Mat Min Exi Distress Signals 5 | . . . 5 . . Communications Jammed . | . . . . . . Distress Signals . | . . . . . . Times Spotted 79 | . 23 . 44 6 6 Peak Tracking Total 9 | . 3 . 5 2 9 Tactical Retreats 5 | . 2 . 1 2 . Traps | -11 -10 -10 -9 -9 -9 ------- Run | Scr Mat Min Mat Min Exi Traps Triggered 4 | . 4 . . . . Indirectly . | . . . . . . Trap Hack Attempts . | . . . . . . Triggered . | . . . . . . Disarmed . | . . . . . . Reprogrammed . | . . . . . . Reused . | . . . . . . Traps Extracted . | . . . . . . Installed 3 | . . 3 . . . Triggered . | . . . . . . Machines | -11 -10 -10 -9 -9 -9 ---------- Run | Scr Mat Min Mat Min Exi Machines Disabled 4 | . . . 1 . 3 Max in Single Turn 1 | . . . 1 . 1 Machines Sabotaged . | . . . . . . Overloaded Fab Kills . | . . . . . . Hacking | -11 -10 -10 -9 -9 -9 --------- Run | Scr Mat Min Mat Min Exi Machines Accessed 19 | . 8 1 9 1 . Terminals 14 | . 7 1 5 1 . Fabricators . | . . . . . . Repair Stations 3 | . 1 . 2 . . Recycling Units . | . . . . . . Scanalyzers 2 | . . . 2 . . Garrison Access . | . . . . . . Total Hacks 76 | . 39 4 30 3 . Successful 47 | . 26 . 20 1 . Failed 29 | . 13 4 10 2 . Catastrophic 1 | . 1 . . . . Database Lockouts . | . . . . . . Manual 33 | . 15 4 11 3 . Terminals 52 | . 29 4 16 3 . Fabricators . | . . . . . . Repair Stations 16 | . 10 . 6 . . Recycling Units . | . . . . . . Scanalyzers 8 | . . . 8 . . Garrison Access . | . . . . . . Terminal Hacks 18 | . 11 . 6 1 . Part Schematic 2 | . . . 1 1 . Prototype ID Bank 7 | . 5 . 2 . . Unreport Threat 1 | . . . 1 . . Locate Traps 6 | . 4 . 2 . . Hauler Manifests 1 | . 1 . . . . Registered Prototypes 1 | . 1 . . . . Fabricator Hacks . | . . . . . . Repair Station Hacks 15 | . 10 . 5 . . Scan Component 8 | . 5 . 3 . . Repair 7 | . 5 . 2 . . Recycling Unit Hacks . | . . . . . . Scanalyzer 6 | . . . 6 . . Insert Component 3 | . . . 3 . . Analyze 3 | . . . 3 . . Garrison Access Hacks . | . . . . . . Unauthorized Hacks 8 | . 5 . 3 . . Terminals 8 | . 5 . 3 . . Assimilate 1 | . 1 . . . . Botnet 5 | . 3 . 2 . . Operators 2 | . 1 . 1 . . Fabricators . | . . . . . . Repair Stations . | . . . . . . Recycling Units . | . . . . . . Scanalyzers . | . . . . . . Garrison Access . | . . . . . . Data Cores Recovered . | . . . . . . Used . | . . . . . . Hacking Detections 18 | . 8 1 8 1 . Full Trace Events 3 | . 1 . 2 . . Feedback Events . | . . . . . . Feedback Blocked . | . . . . . . Robot Schematics Acquired . | . . . . . . Robots Built . | . . . . . . Authchips . | . . . . . . Time . | . . . . . . Total Robot Build Rating . | . . . . . . Part Schematics Acquired 5 | . . . 4 1 . Parts Built . | . . . . . . Authchips . | . . . . . . Time . | . . . . . . Total Part Build Rating . | . . . . . . Parts Repaired 6 | . 5 . 1 . . Time 172 | . 130 . 42 . . Parts Recycled . | . . . . . . Recycled Matter . | . . . . . . Retrieved Matter . | . . . . . . Retrieved Components . | . . . . . . Parts Scanalyzed 3 | . . . 3 . . Part Schematics Acquired 3 | . . . 3 . . Parts Damaged 1 | . . . 1 . . Bothacking | -11 -10 -10 -9 -9 -9 ------------ Run | Scr Mat Min Mat Min Exi Used RIF Installer . | . . . . . . Robots Hacked . | . . . . . . Non-combat . | . . . . . . Combat . | . . . . . . Robot Hacks Applied . | . . . . . . Relay Couplers Released . | . . . . . . Fabnet Peak Effective % . | . . . . . . Robots Rewired . | . . . . . . Allies Hacked . | . . . . . . Hacks Repelled . | . . . . . . Allies | -11 -10 -10 -9 -9 -9 -------- Run | Scr Mat Min Mat Min Exi Total Allies 2 | . . 2 . . . Largest Group 2 | . . 2 . . . Highest-Rated Group 51 | . . 51 . . . Highest-Rated Ally 31 | . . 31 . . . Total Orders . | . . . . . . Ally Attacks . | . . . . . . Total Damage . | . . . . . . Kills . | . . . . . . Allies Corrupted . | . . . . . . Allies Melted . | . . . . . . Intel | -11 -10 -10 -9 -9 -9 ------- Run | Scr Mat Min Mat Min Exi Robot Analysis Total . | . . . . . . Derelict Logs Recovered 2 | . . 1 . 1 . Drone Launches . | . . . . . . Drone Recoveries . | . . . . . . Exploration | -11 -10 -10 -9 -9 -9 ------------- Run | Scr Mat Min Mat Min Exi Turns Passed 6554 | 163 1762 927 2113 1296 293 Spaces Moved 3292 | 86 832 526 1014 758 76 Core 3 | 3 . . . . . Treads 3289 | 83 832 526 1014 758 76 Legs . | . . . . . . Wheels . | . . . . . . Hover . | . . . . . . Flight . | . . . . . . Fastest Speed 50 | 50 160 160 160 160 160 Average Speed 161 | 156 160 164 163 160 161 Slowest Speed 240 | 160 160 240 240 160 240 Overloaded Moves . | . . . . . . Propulsion Burnouts . | . . . . . . Robots Hopped . | . . . . . . Cave-ins Triggered . | . . . . . . Exploration Rate (%) 63 | 6 100 98 64 99 11 Regions Visited 5 Branch Regions 3 Pre-discovered Areas 1 | . . . . 1 . Known Exits Taken 1 | . . . 1 . . Unknown Exits Taken 4 | 1 1 1 . 1 . Scrap Searched 2 | . . 1 . 1 . Spaces Dug 40 | . . . 9 . 31 Terrain Destroyed 83 | . . 12 30 . 41 Melee . | . . . . . . Projectile 9 | . . 3 6 . . AOE 74 | . . 9 24 . 41 Terrain Rammed . | . . . . . . Walls Destroyed . | . . . . . . Machines Disabled . | . . . . . . Actions | -11 -10 -10 -9 -9 -9 --------- Run | Scr Mat Min Mat Min Exi Total 4059 | 101 1124 561 1317 800 156 Wait 344 | . 183 . 148 13 . Move 3287 | 85 831 525 1013 757 76 Hop . | . . . . . . Pick Up 54 | 4 17 3 22 1 7 Fast Attach 20 | 7 6 1 6 . . Attach 15 | . 1 . 3 . 11 Detach . | . . . . . . Swap 34 | . 6 3 18 3 4 Drop 45 | . 8 4 23 2 8 Fire 235 | 5 68 12 81 19 50 Melee . | . . . . . . Ram . | . . . . . . Kick . | . . . . . . Crush 22 | . 4 10 3 5 . Escape Stasis . | . . . . . . Rewire . | . . . . . . Trap 3 | . . 3 . . . Miscellaneous . | . . . . . . Route ------- -11/Scrapyard -10/Materials (discovered 4 exits: *Mat x3 / *Min) -10/Mines (discovered 2 exits: *Mat x2) -9/Materials (discovered 4 exits: [*Mat x3] / *Min) -9/Mines (discovered 4 exits: [*Mat x2] / [*Exi] / [*Zio]) -9/Exiles (discovered 1 exit: Min) History --------- Turn | Location | Event 8 | -11/Scrapyard | Discovered new exit (range 15) 164 | -11/Scrapyard | Entered Materials 317 | -10/Materials | Build established: Mutant 405 | -10/Materials | Discovered new exit (range 7) 668 | -10/Materials | Discovered new exit (range 11) 1235 | -10/Materials | Repaired Lgt. Treads 1263 | -10/Materials | Repaired Lgt. Treads 1523 | -10/Materials | Discovered new exit (range 13) 1669 | -10/Materials | Discovered new exit (range 15) 1852 | -10/Materials | Repaired Lgt. Treads 1879 | -10/Materials | Repaired Lgt. Treads 1906 | -10/Materials | Repaired Lgt. Treads 1926 | -10/Materials | Entered Mines 1970 | -10/Mines | Found a hidden stash of uninstalled traps 2095 | -10/Mines | A weapon hastily lodged in a ceiling crevice suddenly fell to the ground 2411 | -10/Mines | Discovered new exit (range 11) 2718 | -10/Mines | Discovered new exit (range 13) 2853 | -10/Mines | Entered Materials 2853 | -9/Materials | Evolved 2 slots: Propulsion x1, Utility x1 2854 | -9/Materials | Identified exit to Mines 3398 | -9/Materials | Build established: Scavenger-Mutant 4045 | -9/Materials | Discovered new exit (range 13) 4509 | -9/Materials | Discovered new exit (range 15) 4570 | -9/Materials | Build established: Mutant 4638 | -9/Materials | Discovered new exit (range 15) 4775 | -9/Materials | Repaired Imp. Treads 4927 | -9/Materials | Build established: Scavenger-Mutant 4966 | -9/Materials | Entered Mines 4978 | -9/Mines | Met a Derelict bent on vengeance 4989 | -9/Mines | Discovered new exit (range 9) 5095 | -9/Mines | Learned location of Storage (-8) 5134 | -9/Mines | Found a damaged Exp. Sensor Array with a note attached 5138 | -9/Mines | Found Prototype Device 5179 | -9/Mines | Discovered new exit (range 5) 5291 | -9/Mines | Build established: Mutant 5586 | -9/Mines | A Derelict revealed a hidden shortcut to a safe place 6255 | -9/Mines | Deemed a non-threat by the Exiles lab entrance 6255 | -9/Mines | Discovered new exit (range 5) 6262 | -9/Mines | Entered Exiles 6263 | -9/Exiles | Identified exit to Mines 6301 | -9/Exiles | Met 8R-AWN 6394 | -9/Exiles | Attacked by the Exiles 6415 | -9/Exiles | Core integrity fell below 50% 6469 | -9/Exiles | Core integrity fell below 20% 6555 | -9/Exiles | Destroyed by 8R-AWN with 8R-AWN's Boregun Last Messages --------------- 06508_ HV Slug penetrates Wall. 06512_ Penetrated by HV Slug. 06514_ The unstable cave ceiling collapses. 06516_ Penetrated by HV Slug. 06516_ Lrn. Tractor Beam destroyed. 06516_ Penetrated by HV Slug. 06518_ The unstable cave ceiling collapses. 06521_ Penetrated by HV Slug. 06525_ 8R-AWN suffers critical hit (Destroy). 06525_ Penetrated by HV Slug. 06525_ Critical hit (Destroy). 06525_ Lgt. Treads destroyed. 06525_ Penetrated by HV Slug. 06533_ HV Slug penetrates Wall. 06538_ Penetrated by HV Slug. 06546_ Critical hit (Destroy). 06546_ Ion Engine destroyed. 06546_ Penetrated by HV Slug. 06552_ Machine disabled. 06555_ Penetrated by HV Slug. Map ----- +----------------------------------------------------+ | ?????????????????????????????????????????????????? | | ?????????????????????????????????????????????????? | | ?????????????????????????????????????????????????? | | ?????????????????????????????????????????????????? | | ?????????????????????????????????????????????????? | | ?????????????????????????????????????????????????? | | ?????????????????????????????????????????????????? | | ?????????????????????????????????????????????????? | | ?????????????????????????????????????????????????? | | ?????????????????????????????????????????????????? | | ?????????????????????????????????????????????????? | | ?????????????????????????????????????????????????? | | ?????????????????????????????????????????????????? | | ?????????????????????????????????????????????????? | | ???????????????????????????????????? ????????????? | | ??????????????????????????????????? ?????????????? | | ?????????????????????????????????# ??????????????? | | ????????????????????????????????# #??????????????? | | ???????????????????????????????# #??????????? ?>?? | | ??????????????????????????????# #???????????? ?? | | ?????????????????????????????# #????????????? ? | | ????????????????????????????# #?????????????# #? | | ???????????????????????????# #????????????## ## | | ??????????????????????????# #?????????????# # | | ??????????????????????####; ??????????????# # | | ????????????????## # ## @#??????????????## ? | | ????????????????# g ;#????????????## #?? | | ???????????????# ## #;#???????????# #?? | | ??????????????# ###????????### #??? | | ?????????????# # ########## #??? | | ??????????? # # #""""## #???? | | ???????????? ##??? | | ???????????? ## #??? | | ???????????? ?## ##?? | | ???????????? #?#""" "## # ### | | ????????????? "" #??#### ##?# ### # | | ????????????? ###???????##???# ?##### | | ?????????????? ?????????????????? ????### | | ?????????????? ???????????????????? ?????### | | ????????????????????????????????????????????### | | ?????????????????????????????????????????????#" | | ?????????????????????????????????????????????#### | | ????????????????????????????????????????????????#* | | ????????????????????????????????????????????????## | | ?????????????????????????????????????????????????# | | ?????????????????????????????????????????????????? | | ?????????????????????????????????????????????????? | | ?????????????????????????????????????????????????? | | ?????????????????????????????????????????????????? | | ?????????????????????????????????????????????????? | +----------------------------------------------------+ Best States ------------- Heat Dissipation 28 Energy Generation 14 Energy Capacity 280 Matter Stores 300 Matter Capacity 300 Sight Range 16 Terrain Scan Range 16 Terrain Scan Density 10 Armor Coverage 300 Evasion (%) 40 Recoil Reduction 3 Salvage Targeting 1 Item Schematics ----------------- Huge Storage Unit | -9/Materials | Hacked Imp. Terrain Scanner | -9/Materials | Scanalyzed Transport Network Coupler | -9/Materials | Scanalyzed Adv. Visual Processing Unit | -9/Materials | Scanalyzed Imp. Targeting Computer | -9/Mines | Hacked Robot Schematics ------------------ None Fabricated ------------ Nothing Alien Tech Used ----------------- None Achievements -------------- None Challenges ------------ None Game ------ Seed SpliceSeismicRipper Manual? 0 Play Time 00:41:02 Cumulative 352.0 hours Start 2022.12.08 @ 11:25:35 End 2022.12.08 @ 18:43:37 Sessions 3 Manual Loads 0 Difficulty Rogue Special Mode None Game No. 165 Rogue 165 Adventurer 0 Explorer 0 Win Type - Total 8 Types 5/0/1/1/0/0/0/1/0 Lore% 88 Gallery% 92 Achievement% 70 Wizard Run 0 Options --------- ASCII 1 Keyboard 1 Movement Vi Keybinds 0 Fullscreen 2 Font 18/Cog Map View 76x50 Tactical HUD 1 Map Filters NONE Filters NONE Steam 0 RUN: 92c22a8a-70e3-457d-81f3-e60270e2fee5